 Dungeon Crawl Stone Soup version 0.27-a0-1456-gf5a116941d (webtiles) character file.

Game seed: 17891988167635829005

1892 avis the Nimble (level 9, -2/56 HPs)
             Began as an Octopode Transmuter on July 6, 2021.
             Was an Initiate of Gozag.
             Killed from afar by a steam dragon (19 damage)
             ... with a ball of steam
             ... on level 5 of the Dungeon.
             The game lasted 00:48:03 (7691 turns).

avis the Nimble (Octopode Transmuter)               Turns: 7691, Time: 00:48:04

Health: -2/56      AC:  2    Str: 12    XL:     9   Next: 15%
Magic:  20/21      EV: 35    Int: 15    God:    Gozag
Gold:   70         SH:  0    Dex: 18    Spells: 0/12 levels left

rFire    . . .     SeeInvis .     - Unarmed
rCold    . . .     Faith    .   (shield currently unavailable)
rNeg     . . .     Spirit   .   (helmet currently unavailable)
rPois    x         Reflect  .   (no amulet)
rElec    .         Harm     .   e - +4 ring of evasion
rCorr    .         Rampage  .   H - ring of magical power
Will     .....                  k - ring of wizardry
Stlth    +++.......             (no ring)
HPRegen  0.18/turn              (no ring)
MPRegen  0.17/turn              (no ring)
                                (no ring)
                                (no ring)

@: spider-form (expiring)
A: venomous fangs, almost no armour, (amphibious), 8 rings, tiny, (camouflage
1), (gelatinous body 1), (nimble swimmer 1), (tentacles)
a: End Transformation, Renounce Religion, Potion Petition, Call Merchant, Bribe
Branch


You were on level 5 of the Dungeon.
You worshipped Gozag.
Gozag was noncommittal.
You were a venomous arachnid creature.
You visited 1 branch of the dungeon, and saw 5 of its levels.

You collected 324 gold pieces.
You spent 195 gold pieces at shops.
You paid 59 gold pieces to Gozag.

Inventory:

Hand Weapons
 b - a +0 hunting sling
 r - a +0 hand crossbow
 w - a +1 hand axe of venom
 C - a +0 shortbow
 D - a +0 short sword
 E - a +0 hand crossbow
Missiles
 c - 202 stones
 j - 79 bolts
 t - 14 poisoned darts (quivered)
 x - 34 arrows
Jewellery
 e - a +4 ring of evasion (left front leg)
 k - a ring of wizardry (on tentacle)
 H - a ring of magical power (right front leg)
Wands
 a - a wand of iceblast (5)
 i - a wand of flame (31)
Scrolls
 d - a scroll of fear {unknown}
 g - 3 scrolls of magic mapping {unknown}
 h - a scroll of fog {unknown}
 p - a scroll of enchant weapon {unknown}
 s - a scroll of acquirement {unknown}
 u - a scroll of enchant armour {unknown}
 v - a scroll of amnesia {unknown}
 y - 3 scrolls of teleportation {unknown}
 F - a scroll of brand weapon {unknown}
 J - a scroll of holy word {unknown}
Potions
 f - 4 potions of might
 l - 2 potions of lignification
 m - a potion of resistance
 n - 4 potions of curing
 o - a potion of ambrosia
 q - a potion of flight
 z - a potion of mutation
 A - a potion of berserk rage
 B - 2 potions of heal wounds
 G - a potion of cancellation
 I - a potion of degeneration


   Skills:
 - Level 3.0 Fighting
 - Level 13.1 Dodging
 - Level 4.0 Stealth
 - Level 6.0 Unarmed Combat
 - Level 2.0 Spellcasting
 * Level 3.8 Transmutations
 + Level 0.0 Ice Magic
 - Level 2.0 Poison Magic


You couldn't memorise any spells.
You knew the following spells:

 Your Spells              Type           Power      Damage    Failure   Level
a - Beastly Appendage     Tmut           26%        N/A       6%          1
c - Wereblood             Tmut           13%        N/A       8%          2
l - Passwall              Tmut/Erth      5%         N/A       14%         2
p - Spider Form           Tmut/Pois      5%         N/A       17%         3
q - Ice Form              Ice/Tmut       7%         N/A       54%         4

Your spell library contained the following spells:

 Spells                   Type           Power      Damage    Failure   Level
 Sandblast                Erth           2%         2d4       19%         1
 Lee's Rapid Deconstruct  Erth           0%         3d5*      96%         5


Dungeon Overview and Level Annotations

Branches:
Dungeon (5/15)
 Temple: D:4-7

Altars:
Gozag
Ru

Shops:
D:3 !   D:5 *(!*

Annotations:
D:3 1 runed translucent door, exclusion: door, Crazy Yiuf
D:4 Aneyh's ghost, amateur HuMo


Innate Abilities, Weirdness & Mutations

You are a venomous arachnid creature.
You have poisonous fangs.
You are tiny and dextrous.
Your spellcasting is less reliable in this form.
Your armour is entirely melded.
You are incapable of wielding weapons or throwing items.
You cannot wear most types of armour.
((You are amphibious.))
You can wear up to eight rings at the same time.
((Your skin changes colour to match your surroundings (Stealth+).))
((Your rubbery body absorbs attacks. (AC +1, EV +1)))
((You are camouflaged near water. (Stealth+)))
((You have tentacles for arms and can constrict up to eight enemies at once.))


Message History

Done waiting.
You open the door.
There is an open door here.
J - a scroll labelled DUFIAL XACS You open the door.
There is an open door here.
There is an entrance to Awoes's Assorted Antiques here.
There is an open door here.
You open the door.
There is an open door here.
A steam dragon comes into view.
Casting: Spider Form (dangerous; 9% risk of failure)
Confirm with . or Enter, or press ? or * to list all spells.
You turn into a venomous arachnid creature.
Found a scale mail.
The helpless steam dragon fails to defend itself.
You hit the steam dragon.
The steam dragon is poisoned.
The steam dragon is lightly wounded.
The steam dragon breathes steam at you. The ball of steam hits you!!
You hit the steam dragon.
The steam dragon looks as sick as possible!
The steam dragon is moderately wounded.
You are engulfed in a cloud of scalding steam.
The steam dragon completely misses you. The steam dragon misses you.
You hit the steam dragon.
The steam dragon looks as sick as possible!
The steam dragon is heavily wounded.
You are engulfed in a cloud of scalding steam.
Your transformation is almost over.
The steam dragon completely misses you. x2
The steam dragon breathes steam at you. The ball of steam misses you.
Unknown command.
The steam dragon breathes steam at you. The ball of steam hits you.
The steam dragon breathes steam at you. The ball of steam hits you!!
You die...
Your body crumbles into a pile of gold.

# ##..# #8###..# ##...## #.
###.#.####<..)..# ##.....## ##.
.#<...#.8.∩.8.#.# ##.......####..
..#####.##.#....###.........##...
..........8.......'.........'....
..#######..#....###.........##...
#..# #####.#.# ##.......####..
##.# ####.#####.....## ##. #.#
#§...s.# ##...## #. #.#
###.##§#.# ##'## #. #.#
#.....§#§#####.# #. #.#
#.#..§D......#.########. #.#
#.#>.....###............ #.# #
##.##### #....######## #.# #§#
#.....# #.# #........# #....##
##.# ####.###.# #.#.##


There were no monsters in sight!

Vanquished Creatures
  Duvessa (D:5)
  A water moccasin (D:5)
  2 ogres (D:5)
  A centaur (D:4)
  2 scorpions
  A water moccasin zombie (D:4)
  Dowan (D:5)
  2 hounds (D:4)
  2 orc priests
  2 orc wizards (D:2)
  A hound zombie (D:5)
  2 hound skeletons (D:4)
  8 adders
  2 ufetubi
  3 dart slugs
  13 orcs
  4 endoplasms
  4 giant cockroaches
  8 goblins
  7 hobgoblins
  2 jackals (D:3)
  5 quokkas
  9 ball pythons
  3 bats
  2 frilled lizards
  A jackal skeleton (D:4)
  9 kobolds
  3 rats
101 creatures vanquished.

Notes
Turn   | Place    | Note
-------+----------+-------------------------------------------
     0 | D:1      | avis the Octopode Transmuter began the quest for the Orb.
     0 | D:1      | Reached XP level 1. HP: 13/13 MP: 3/3
   163 | D:1      | Reached skill level 1 in Stealth
   614 | D:1      | Reached XP level 2. HP: 18/18 MP: 3/5
  1488 | D:2      | Reached XP level 3. HP: 17/23 MP: 6/6
  1878 | D:2      | Learned a level 3 spell: Spider Form
  2255 | D:2      | Reached XP level 4. HP: 29/29 MP: 5/7
  2762 | D:3      | Reached skill level 1 in Poison Magic
  3199 | D:2      | Reached XP level 5. HP: 34/34 MP: 4/8
  4358 | D:3      | Found Nuer's Distillery.
  4365 | D:3      | Bought a potion of curing for 33 gold pieces
  4365 | D:3      | Bought a potion of might for 44 gold pieces
  4608 | D:3      | Found a runed translucent door.
  4609 | D:3      | Noticed Crazy Yiuf
  4824 | D:4      | Learned a level 2 spell: Passwall
  5004 | D:4      | Found a runed translucent gate.
  5006 | D:4      | Found a runed translucent gate.
  5006 | D:4      | Found a runed translucent gate.
  5007 | D:4      | Found an opulent altar of Gozag.
  5008 | D:4      | Noticed Aneyh's ghost (amateur HuMo)
  5008 | D:4      | Noticed an ice beast
  5373 | D:4      | Noticed a centaur
  5380 | D:4      | Reached skill level 5 in Unarmed Combat
  5380 | D:4      | Reached XP level 6. HP: 39/39 MP: 2/9
  5576 | D:4      | Reached skill level 3 in Dodging
  5576 | D:4      | Reached XP level 7. HP: 18/46 MP: 6/10
  6028 | D:4      | Learned a level 4 spell: Ice Form
  6264 | D:4      | Became a worshipper of Gozag Ym Sagoz the Greedy
  6300 | D:4      | Reached skill level 4 in Dodging
  6345 | D:5      | Entered Level 5 of the Dungeon
  6491 | D:5      | Found Awoes's Assorted Antiques.
  6634 | D:5      | Found Aqainago's Distillery.
  6693 | D:5      | Reached skill level 5 in Dodging
  6826 | D:5      | Bought a potion of degeneration for 15 gold pieces
  6826 | D:5      | Bought a potion of heal wounds for 75 gold pieces
  6888 | D:5      | Found Keofrewk's Jewellery Boutique.
  6910 | D:5      | Reached XP level 8. HP: 50/52 MP: 11/11
  6968 | D:5      | Found Gevah's General Store.
  6975 | D:5      | Bought a scroll of identify for 28 gold pieces
  7023 | D:5      | Reached skill level 13 in Dodging
  7023 | D:5      | Reached XP level 9. HP: 56/56 MP: 12/12
  7193 | D:5      | Learned a level 2 spell: Wereblood
  7198 | D:5      | Noticed Dowan
  7213 | D:5      | Noticed Duvessa
  7254 | D:5      | Found Afidanle's Weapon Shoppe.
  7254 | D:5      | Found a sacrificial altar of Ru.
  7304 | D:5      | Killed Duvessa
  7312 | D:5      | Killed Dowan
  7691 | D:5      | Killed from afar by a steam dragon

Illustrated notes

Levels and vault maps discovered:
D:1:      dpeg_arrival_oval, layout_basic
D:2:      minmay_evil_eye, layout_loops_ring
D:3:      layout_loops_ring, serial_shops, nicolae_shop_stone, minmay_ruptured,
          uniq_crazy_yiuf_cottage
D:4:      minmay_recursive_quarters, layout_gridville, ebering_ghost_gozag
D:5:      layout_loops_corners, overflow_temple_1_default, serial_shops,
          nicolae_shop_crystal, nicolae_shop_statue_plus, shop,
          nicolae_square_shop, shop, uniq_duvessa

Skill      XL: |  1  2  3  4  5  6  7  8 |
---------------+-------------------------+-----
Stealth        | 2 3 4 |  4.0
Unarmed Combat | 4 5 6 |  6.0
Fighting       | 2 3 |  3.0
Poison Magic   | 1 2 |  2.0
Transmutations | 3 |  3.8
Dodging        | 3 5 13 | 13.1
Spellcasting   | |  2.0

Action                   |  1- 3 |  4- 6 |  7- 9 || total
-------------------------+-------+-------+-------++-------
Melee: Short sword       |    23 |       |       ||    23
       Unarmed           |    37 |   102 |    55 ||   194
       Constrict         |    14 |    17 |     2 ||    33
       Kick              |    11 |    14 |     2 ||    27
       Tentacles         |     3 |     8 |     2 ||    13
       Punch             |       |     3 |     1 ||     4
       Hand axe          |       |    11 |     2 ||    13
 Fire: Hunting sling     |       |    37 |       ||    37
 Cast: Beastly Appendage |    26 |    26 |     2 ||    54
       Spider Form       |       |    13 |    17 ||    30
  Use: Scroll            |       |       |     8 ||     8
       Potion            |       |       |     1 ||     1
 Stab: Sleeping          |     4 |     6 |     2 ||    12
Armor: Skin              |     3 |     8 |       ||    11
Dodge: Dodged            |    26 |   107 |    82 ||   215

Table legend: (Time is in decaauts)
 A = Elapsed time spent in this place.
 B = Non-inter-level travel time spent in this place.
 C = Inter-level travel time spent in this place.
 D = Time resting spent in this place.
 E = Time spent auto-exploring this place.
 F = Levels seen in this place.
 G = Mean time per level.
                   A        B        C        D        E       F      G
               +--------+--------+--------+--------+--------+-----+--------+
         Total |   7689 |   7216 |    473 |   2514 |   2857 |   5 | 1537.8 |
       Dungeon |   7689 |   7216 |    473 |   2514 |   2857 |   5 | 1537.8 |
               +--------+--------+--------+--------+--------+-----+--------+

Top non-repeatable levels by time:
     D:2: 2241 daAuts
     D:1: 1465 daAuts
     D:5: 1335 daAuts
     D:3: 1325 daAuts
     D:4: 1320 daAuts
